 Dungeon Crawl Stone Soup version 0.29-a0-887-gcbe080d7e0 (webtiles) character file.

Game seed: 12188433915205749934

46 Spectrina the Magician (level 3, 0/27 HPs)
             Began as a Djinni Arcane Marksman on July 22, 2022.
             Was a Follower of the Shining One.
             Slain by an adder (1 damage)
             ... on level 2 of the Dungeon.
             The game lasted 00:05:54 (483 turns).

Spectrina the Magician (Djinni Arcane Marksman)      Turns: 483, Time: 00:05:55

Health: 0/27       AC:  2    Str:  9    XL:     3   Next: 92%
Gold:   37         EV: 12    Int: 16    God:    the Shining One [*.....] SH:  0 Dex: 13

rFire   + + .      SeeInvis .   a - +0 sling
rCold   x . .      Faith    .   (no shield)
rNeg    . . .      Spirit   .   c - +0 robe
rPois   ∞          Reflect  .   (no helmet)
rElec   .          Harm     .   (no cloak)
rCorr   .          Rampage  .   (no gloves)
Will    .....                   (boots unavailable)
Stlth   +.........              (no amulet)
HPRegen 0.09/turn               (no ring)
MPRegen 0.00/turn               (no ring)

@: flying, glowing
A: sickness immunity, fire resistance 2, cold vulnerability 1, float, innate
caster, HP casting, extra vitality 1
a: Renounce Religion, Divine Shield


You were on level 2 of the Dungeon.
You worshipped the Shining One.
The Shining One was aware of your devotion.
You visited 1 branch of the dungeon, and saw 3 of its levels.

You collected 37 gold pieces.

Inventory:

Hand Weapons
 a - a +0 sling (weapon)
Armour
 c - a +0 robe (worn)
Scrolls
 b - a scroll of vulnerability
 d - 2 scrolls of amnesia {unknown}
 e - a scroll of magic mapping {unknown}
 g - a scroll of torment {unknown}


   Skills:
 - Level 1.0 Fighting
 - Level 1.5 Ranged Weapons
 - Level 2.1 Dodging
 + Level 3.5 Spellcasting


You couldn't memorise any spells.
You knew the following spells:

 Your Spells              Type           Power      Damage    Failure   Level
a - Slow                  Hex            56%        N/A       4%          1
b - Sting                 Tmut/Pois      56%        1d5       4%          1
i - Inner Flame           Hex/Fire       14%        N/A       12%         3
m - Cause Fear            Hex            7%         N/A       38%         4
y - Portal Projectile     Hex/Tloc       28%        N/A       12%         3
Your spell library was empty.

Dungeon Overview and Level Annotations

Branches:
Dungeon (3/15)

Altars:
The Shining One


Innate Abilities, Weirdness & Mutations

You are immune to sickness and miasma.
You are immune to poison.
Your flesh is very heat resistant. (rF++)
You are vulnerable to cold. (rC-)
You float through the air rather than walking.
You learn spells naturally, not from books.
Your magical power is your life essence.
You have superior vitality. (+4 MHP)


Message History

Press: ? - help, Q - select action, (/) - cycle Shift-Dir - straight line, f/p - adder
Aim: an adder (lightly wounded, haloed, 52% to hit)
You shoot a sling bullet.
The sling bullet closely misses the adder.
The adder bites you but does no damage. The adder bites you.
* * * LOW HITPOINT WARNING * * *
You aren't carrying any potions.
Fire: a) +0 sling
Press: ? - help, Q - select action, (/) - cycle Shift-Dir - straight line, f/p - adder
Aim: an adder (lightly wounded, haloed, 52% to hit)
You shoot a sling bullet.
The sling bullet closely misses the adder.
The adder barely misses you. The adder bites you.
* * * LOW HITPOINT WARNING * * *
Fire: a) +0 sling
Press: ? - help, Q - select action, (/) - cycle Shift-Dir - straight line, f/p - adder
Aim: an adder (lightly wounded, haloed, 52% to hit)
You shoot a sling bullet. The sling bullet hits the adder!
The adder is almost dead.
The adder barely misses you. The adder bites you.
* * * LOW HITPOINT WARNING * * *
Fire: a) +0 sling
Press: ? - help, Q - select action, (/) - cycle Shift-Dir - straight line, f/p - adder
Aim: an adder (almost dead, haloed, 52% to hit)
You shoot a sling bullet.
The sling bullet barely misses the adder.
The adder closely misses you.
Fire: a) +0 sling
Press: ? - help, Q - select action, (/) - cycle Shift-Dir - straight line, f/p - adder
Aim: an adder (almost dead, haloed, 52% to hit)
You shoot a sling bullet.
The sling bullet closely misses the adder.
The adder barely misses you. x2
Fire: a) +0 sling
Press: ? - help, Q - select action, (/) - cycle Shift-Dir - straight line, f/p - adder
Aim: an adder (almost dead, haloed, 52% to hit)
You shoot a sling bullet.
The sling bullet barely misses the adder.
The adder bites you.
You die...

#.... #.# #.... #.#
#.... ..# #.... # #.#
#.... #. #.# #.... ..
#.# #.... #.###.##.###
#..)< #.....S@...#
##### ###....#.#.# ..
#......#)# ###
#......#.# #####
#......#.# #....
#......#.#########.###
................†..)..
#######..†###.#####.###
#...# #.# #.#


You could see an adder.

Vanquished Creatures
  A dart slug (D:1)
  A ball python (D:1)
  4 endoplasms
  8 giant cockroaches (D:1)
  3 goblins (D:2)
  2 hobgoblins (D:2)
  8 jackals
  2 quokkas
  3 kobolds
  4 rats
36 creatures vanquished.

Vanquished Creatures (others)
  2 withered plants (D:1)
2 creatures vanquished.

Grand Total: 38 creatures vanquished

Notes
Turn   | Place    | Note
-------+----------+-------------------------------------------
     0 | D:1      | Spectrina the Djinni Arcane Marksman began the quest for
                  | the Orb.
     0 | D:1      | Spectrina set off with the following spells memorised:
                  | Slow, Inner Flame, Portal Projectile, Cause Fear.
     0 | D:1      | Reached XP level 1. HP: 17/17 MP: 0/0
    55 | D:1      | Reached XP level 2. HP: 2/22 MP: 0/0
    65 | D:1      | Found a faded altar of an unknown god.
    97 | D:1      | Reached skill level 3 in Spellcasting
   103 | D:1      | Prayed at the altar of an unknown god.
   103 | D:1      | Became a worshipper of the Shining One
   103 | D:1      | Reached * piety under the Shining One
   244 | D:1      | Found a runed translucent door.
   284 | D:1      | Reached XP level 3. HP: 9/27 MP: 0/0
   284 | D:1      | Learned a level 1 spell: Sting
   480 | D:2      | HP: 1/27 [adder (2)]
   483 | D:2      | Slain by an adder

Illustrated notes

Levels and vault maps discovered:
D:1:      dpeg_arrival_caged_fury, layout_basic, serial_shops, shop,
          ebering_ecumenical_altar_petrified
D:2:      layout_basic, serial_bayou_pond_d,
          nicolae_concentric_dashed_squares_wild, uniq_natasha
D:3:      minmay_razor_zed, layout_loops_ring, serial_rivers,
          chequers_serial_rivers_micro_c, chequers_serial_rivers_room_b,
          chequers_serial_rivers_micro_c, chequers_serial_rivers_small_a,
          chequers_serial_rivers_micro_d, chequers_serial_rivers_small_a,
          hex_medium, minmay_misc_feat_hallway

Skill      XL: |  1  2 |
---------------+-------+-----
Spellcasting   | 3 |  3.5
Fighting       | |  1.0
Ranged Weapons | |  1.5
Dodging        | |  2.1

Action                   || total
-------------------------++-------
 Fire: Sling             ||   131
 Cast: Slow              ||     1
  Use: Scroll            ||     1
Armor: Robe              ||    19
Dodge: Dodged            ||    70

Table legend: (Time is in decaauts)
 A = Elapsed time spent in this place.
 B = Non-inter-level travel time spent in this place.
 C = Inter-level travel time spent in this place.
 D = Time resting spent in this place.
 E = Time spent auto-exploring this place.
 F = Levels seen in this place.
 G = Mean time per level.
                   A        B        C        D        E       F      G
               +--------+--------+--------+--------+--------+-----+--------+
         Total |    524 |    524 |      0 |      0 |      0 |   3 |  174.7 |
       Dungeon |    524 |    524 |      0 |      0 |      0 |   3 |  174.7 |
               +--------+--------+--------+--------+--------+-----+--------+

Top non-repeatable levels by time:
     D:1: 393 daAuts
     D:2: 122 daAuts
     D:3: 8 daAuts
